 Dungeon Crawl Stone Soup version 0.31-a0-569-g7ea453304b (webtiles) character file.

Game seed: 11867203417352908910

16 Ethylacetat the Insei (level 2, -4/20 HPs)
             Began as an Octopode Gladiator on Aug 18, 2023.
             Killed by nerve-wracking pain
             ... invoked by Jessica
              (10 damage)
             ... on level 2 of the Dungeon.
             The game lasted 00:00:34 (1118 turns).

Ethylacetat the Insei (Octopode Gladiator)          Turns: 1118, Time: 00:00:35

Health: -4/20      AC:  1    Str: 13    XL:     2   Next: 54%
Magic:  2/2        EV: 14    Int: 10    God:
Gold:   111        SH:  0    Dex: 13    Spells: 1/1 levels left

rFire   . .          .
                       - Unarmed
rCold   . . .        (no shield)
rNeg    . . .        a - +0 hat
rPois   .            (no amulet)
rElec   .            (no ring)
rCorr   .            (no ring)
SInv    .            (no ring)
Will    .....        (no ring)
Stlth   ++           (no ring)
HPRegen 0.23/turn    (no ring)
MPRegen 0.08/turn    (no ring)
                     (no ring)

%: no passive effects
@: no status effects
A: almost no armour, amphibious, 8 rings, camouflage 1, gelatinous body 1,
(nimble swimmer 1), tentacles
a: no special abilities


You were on level 2 of the Dungeon.
You visited 1 branch of the dungeon, and saw 2 of its levels.

You collected 111 gold pieces.

Inventory:

Missiles
 b - 3 throwing nets (quivered)
 c - 3 javelins
Armour
 a - a +0 hat (worn)
Scrolls
 f - a scroll of noise {unknown}
Potions
 d - 2 potions of curing {unknown}
 e - 2 potions of heal wounds {unknown}
 g - a potion of invisibility {unknown}


   Skills:
 + Level 2.4 Fighting
 - Level 2.0 Throwing
 + Level 3.2 Dodging
 + Level 3.2 Unarmed Combat


You had one spell level left.
You didn't know any spells.
Your spell library was empty.

Dungeon Overview and Level Annotations

Branches:
Dungeon (2/15)

Altars:

Annotations:
D:2 Jessica


Innate Abilities, Weirdness & Mutations

You cannot wear most types of armour.
You are amphibious.
You can wear up to eight rings at the same time.
Your skin changes colour to match your surroundings (Stealth+).
Your rubbery body absorbs attacks. (AC +1, EV +1)
((You are camouflaged when in or above water. (Stealth+)))
You have tentacles for arms and can constrict up to eight enemies at once.


Message History

Jessica mumbles some strange words.
Jessica seems to speed up.
You hear a shout! x3
Jessica is nearby!
Jessica points at you and mumbles some strange words.
Pain shoots through your body! Jessica casts a spell at you.
Pain shoots through your body!
Ouch! That really hurt!
You see here a ball python corpse.
You are too injured to fight recklessly!
Jessica is nearby!
You are too injured to fight recklessly!
Jessica is nearby!
You are too injured to fight recklessly!
Jessica is nearby!
You are too injured to fight recklessly!
You tentacle-slap Jessica. You grab Jessica.
Jessica is heavily wounded.
You constrict Jessica.
Jessica gestures wildly while chanting.
Jessica blinks free!
A goblin comes into view. It is wielding a +0 dagger.
A goblin comes into view. It is wielding a +0 dagger.
Jessica closely misses you.
You closely miss Jessica. You grab Jessica.
Jessica is heavily wounded.
You constrict Jessica, but do no damage.
Jessica hits you with a +2 dagger of protection.
* * * LOW HITPOINT WARNING * * *
A goblin comes into view. It is wielding a +0 club.
The goblin shouts!
You tentacle-slap Jessica but do no damage.
Jessica is heavily wounded.
You constrict Jessica.
You hear a shout!
Jessica casts a spell at you. Pain shoots through your body!
Ouch! That really hurt!
You die...

##########.#
#.......[..#
#.###########
#...........#
###########.#
.........#
.######†.#
#..# #@g#
#@.# ..g!g
......#
........#
####.####.#
#.# #.# ..#
.#


You could see Jessica (fast) and 3 goblins.

Vanquished Creatures
  A dart slug (D:2)
  A giant cockroach (D:2)
  A goblin (D:1)
  A hobgoblin (D:1)
  2 quokkas (D:1)
  3 ball pythons
  3 bats (D:1)
  2 kobolds
14 creatures vanquished.

Notes
Turn   | Place    | Note
-------+----------+-------------------------------------------
     0 | D:1      | Ethylacetat the Octopode Gladiator began the quest for the
                  | Orb.
     0 | D:1      | Reached XP level 1. HP: 14/14 MP: 1/1
   650 | D:1      | Reached XP level 2. HP: 17/19 MP: 2/2
  1109 | D:2      | Noticed Jessica
  1118 | D:2      | Killed from afar by Jessica

Illustrated notes

Levels and vault maps discovered:
D:1:      co_arrival_square_in_a_square_in_a_square, layout_basic,
          amcnicky_mini_pool_small, roderic_lattice_a,
          chequers_serial_rivers_room_b, dk_noncrumbling_2
D:2:      layout_loops_ring, shapermc_ecumenical_altar_mp_vishouse,
          uniq_terence, uniq_robin, uniq_jessica

Action                     || total
---------------------------++-------
  Melee: Unarmed           ||    25
         Constrict         ||     9
         Tentacles         ||     5
         Punch             ||     1
   Stab: Sleeping          ||     7
 Armour: Skin              ||     1
  Dodge: Dodged            ||    11

Table legend: (Time is in decaauts)
 A = Elapsed time spent in this place.
 B = Non-inter-level travel time spent in this place.
 C = Inter-level travel time spent in this place.
 D = Time resting spent in this place.
 E = Time spent auto-exploring this place.
 F = Levels seen in this place.
 G = Mean time per level.
                   A        B        C        D        E       F      G
               +--------+--------+--------+--------+--------+-----+--------+
         Total |   1116 |   1088 |     28 |      0 |    996 |   2 |  558.0 |
       Dungeon |   1116 |   1088 |     28 |      0 |    996 |   2 |  558.0 |
               +--------+--------+--------+--------+--------+-----+--------+

Top non-repeatable levels by time:
     D:1: 1014 daAuts
     D:2: 102 daAuts
